 Dungeon Crawl Stone Soup version 0.22-a0-596-gfbd32a6 (webtiles) character file.

53256 sking99 the Apostle (level 14, 15/116 HPs)
             Began as a Hill Orc Fighter on July 5, 2018.
             Was a High Priest of Beogh.
             Quit the game on level 13 of the Dungeon.
             The game lasted 01:12:15 (22620 turns).

sking99 the Apostle (Hill Orc Fighter)             Turns: 22620, Time: 01:12:15

Health: 15/116     AC: 25    Str: 23    XL:     14   Next: 67%
Magic:  9/27       EV:  1    Int: 12    God:    Beogh [*****.]
Gold:   1391       SH: 21    Dex: 16    Spells: 13/13 levels left

rFire    . . .     SeeInvis .   b - +3 scimitar (flame)
rCold    . . .     Gourm    .   H - +0 large shield
rNeg     . . .     Faith    .   s - +3 crystal plate armour
rPois    .         Spirit   .   R - +2 hat
rElec    +         Reflect  .   g - scarf {repulsion}
rCorr    .         Harm     .   E - +0 pair of gloves
MR       ++...                  l - +1 pair of boots
Stlth    ..........             y - amulet of rage
HPRegen  0.29/turn              Z - ring "Ezac" {+Blink rElec Str+3 Int+4 Dex+2 Stlth-}
MPRegen  0.20/turn              L - ring of protection from magic

@: repel missiles
A: walk on water
a: Smiting, Recall Orcish Followers, Give Item to Named Follower, Renounce
Religion, Evoke Blink, Evoke Berserk Rage


You were on level 13 of the Dungeon.
You worshipped Beogh.
Beogh was extremely pleased with you.
You were not hungry.

You visited 2 branches of the dungeon, and saw 19 of its levels.
You also visited: Ice Cave.

You collected 1391 gold pieces.

Inventory:

Hand Weapons
 a - a +0 broad axe
 b - a +3 scimitar of flaming (weapon)
Missiles
 T - 6 throwing nets (quivered)
Armour
 g - a scarf of repulsion (worn)
 l - a +1 pair of boots (worn)
 s - a +3 crystal plate armour (worn)
 E - a +0 pair of gloves (worn)
 F - a +0 plate armour of cold resistance
 H - a +0 large shield (worn)
 R - a +2 hat (worn)
Jewellery
 n - an uncursed amulet of the gourmand
 w - a +3 ring of evasion
 y - an amulet of rage (around neck)
 K - an uncursed ring of positive energy
 L - a ring of protection from magic (right hand)
 U - an uncursed ring of ice
 Z - the ring "Ezac" (left hand) {+Blink rElec Str+3 Int+4 Dex+2 Stlth-}
   (You found it on level 6 of the Lair of Beasts)

   [ring of loudness]

   It affects your strength (+3).
   It affects your intelligence (+4).
   It affects your dexterity (+2).
   It insulates you from electricity.
   It lets you blink.
   It makes you less stealthy.
Wands
 j - a wand of paralysis (24)
 C - a wand of flame (55)
 G - a wand of enslavement (23)
 P - a wand of iceblast (28)
 S - a wand of acid (3)
 W - a wand of polymorph (13)
Scrolls
 h - 7 scrolls of remove curse
 r - 2 scrolls of blinking
 A - 8 scrolls of fear
 B - 12 scrolls of identify
 I - a scroll of fog
 J - 2 scrolls of amnesia
 X - 4 scrolls of magic mapping
 Y - 2 scrolls of teleportation
Potions
 d - 2 potions of might
 e - 3 potions of curing
 i - 4 potions of agility
 k - 3 potions of flight
 m - 2 potions of invisibility
 o - 5 potions of lignification {unknown}
 p - 5 potions of degeneration
 q - 4 potions of heal wounds {unknown}
 t - 2 potions of brilliance {unknown}
 v - 5 potions of haste {unknown}
 x - a potion of cancellation
 D - a potion of berserk rage {unknown}
 M - 2 potions of ambrosia {unknown}
 N - a potion of magic {unknown}
 Q - a potion of resistance {unknown}
Comestibles
 c - a chunk of flesh
 f - 27 rations


   Skills:
 - Level 8.6 Fighting
 + Level 15.9 Axes
 + Level 4.7 Armour
 + Level 15.1 Shields
 + Level 18.3 Invocations


You had 13 spell levels left.
You didn't know any spells.
Your spell library contained the following spells:

 Spells                   Type           Power        Failure   Level  Hunger
 Fireball                 Conj/Fire      #.........   100%        5    ######.
 Apportation              Tloc           #.....       100%        1    ##.....
 Conjure Flame            Conj/Fire      #.......     100%        3    ####...
 Bolt of Cold             Conj/Ice       #.........   100%        6    #######
 Lightning Bolt           Conj/Air       #.........   100%        5    ######.
 Throw Flame              Conj/Fire      #.....       100%        2    ###....
 Throw Frost              Conj/Ice       #.....       100%        2    ###....
 Freezing Cloud           Conj/Ice/Air   #.........   100%        6    #######
 Mephitic Cloud           Conj/Pois/Air  #.......     100%        3    ####...
 Venom Bolt               Conj/Pois      #.........   100%        5    ######.
 Olgreb's Toxic Radiance  Pois           #.......     100%        4    #####..
 Summon Small Mammal      Summ           #...         100%        1    ##.....
 Animate Skeleton         Necr           N/A          100%        1    ##.....
 Freeze                   Ice            #...         100%        1    ##.....
 Ozocubu's Refrigeration  Ice            #.........   100%        6    #######
 Sticky Flame             Conj/Fire      #.......     100%        4    #####..
 Summon Ice Beast         Ice/Summ       #.......     100%        4    #####..
 Ozocubu's Armour         Chrm/Ice       #.......     100%        3    ####...
 Call Imp                 Summ           #.......     100%        2    ###....
 Sting                    Conj/Pois      #...         100%        1    ##.....
 Shock                    Conj/Air       #...         100%        1    ##.....
 Swiftness                Chrm/Air       #.......     100%        2    ###....
 Ice Form                 Ice/Tmut       #.......     100%        4    #####..
 Throw Icicle             Conj/Ice       #.......     100%        4    #####..
 Airstrike                Air            #.........   100%        4    #####..
 Confusing Touch          Hex            #.....       100%        1    ##.....
 Flame Tongue             Conj/Fire      #....        100%        1    ##.....
 Call Canine Familiar     Summ           #.......     100%        3    ####...
 Metabolic Englaciation   Hex/Ice        #.........   100%        5    ######.
 Static Discharge         Conj/Air       #.......     100%        3    ####...
 Simulacrum               Ice/Necr       #.........   100%        6    #######
 Inner Flame              Hex/Fire       #.......     100%        3    ####...
 Summon Lightning Spire   Summ/Air       #.......     100%        4    #####..
 Summon Guardian Golem    Hex/Summ       #.......     100%        3    ####...
 Poisonous Vapours        Pois/Air       #.....       100%        2    ###....


Dungeon Overview and Level Annotations

Branches:
Dungeon (13/15)            Temple (0/1) D:4            Lair (6/6) D:8
 Shoals (0/4) Lair:3        Snake (0/4) Lair:4          Orc (0/2) D:12
  Slime: Lair:5-6    Vaults: D:13-14

Altars:
Ashenzari
Dithmenos
Elyvilon
Fedhas
Gozag
Kikubaaqudgha
Makhleb
Nemelex Xobeh
Qazlal
Sif Muna
Trog
Vehumet
Wu Jian
Xom
The Shining One

Shops:
D:11 *

Annotations:
D:13 exclusion: orange crystal statue
Lair:1 1 runed door, exclusion: oklob plant, Reyrhar's ghost, journeyman TrMo
Lair:5 1 runed door, Dukluodd's ghost, journeyman HaGl


Message History

The troll barely misses your orc knight. x2
The manticore bites your orc knight! The manticore misses your orc knight.
The manticore claws your orc knight!
Something closely misses your orc knight. x2
Your orc knight hits the troll but does no damage.
The centaur warrior zombie hits you.
* * * LOW HITPOINT WARNING * * *
The four-headed hydra bites your orc knight!
The four-headed hydra bites your orc knight.
The four-headed hydra completely misses your orc knight.
The four-headed hydra bites your orc knight.
The troll closely misses your orc knight.
The troll claws your orc knight! The troll misses your orc knight.
Bogbrand roars a battlecry!
Spirok goes into a battle-frenzy!
Your orc warrior hits the centaur warrior zombie with a trident of piercing!!
Your orc knight hits the troll with a short sword!
You hear a bellow!
You see here 2 large rocks.
Are you sure you want to abandon this character and quit the game? (Confirm with "yes".)

...?.....## ./.8......#
############## ..†Y......
........ooo.o. ...Y.....#
#######o##ooo( .......Y.#
#o##o).( ......DY.#
#o##..). ......ToH#
#o##.... .#...Y.#Z########
#o##....
.'..o.oOo@ooo...###o##..(.
##.....###ooo....##o##....
#..... #oo..†..##.##....
#..... #o.......#.##....
#..... #......#.#o##....
###### #......#.#.#
#......#.#.# #......#...#
#......##..#


You could see a four-headed hydra, an orange crystal statue, a two-headed ogre,
a manticore, 5 yaks, a troll, a centaur warrior zombie, the friendly Warrok the
orc warlord (confused), a friendly orc knight, the friendly Bogbrand the orc
knight, the friendly Spirok the orc knight, 2 friendly orc warriors, a friendly
orc priest, the friendly Olfrun the orc wizard and 5 friendly orcs.

Vanquished Creatures
  Gastronok (D:9)
  A yaktaur captain (D:9)
  2 catoblepae (Lair:6)
  A hydra (D:13)
  Erica (Lair:1)
  A centaur warrior (D:9)
  2 two-headed ogres
  A deep troll shaman (Lair:6)
  Urug (Lair:2)
  4 death yaks (Lair:6)
  Sonja (Lair:4)
  2 flayed ghosts
  An unseen horror (D:12)
  A lindwurm (Lair:6)
  Pikel (D:9)
  A necromancer (IceCv)
  A deep elf mage (D:12)
  2 ugly things (D:12)
  2 cyclopes
  A centaur zombie (D:13)
  3 elephants
  A spiny frog (Lair:1)
  A rime drake (Lair:6)
  2 centaur skeletons
  7 freezing wraiths (IceCv)
  The ghost of iamserjio the Shield-Bearer, a novice GrFi (D:5)
  2 komodo dragons
  A kobold demonologist (D:12)
  2 trolls (D:9)
  A hornet (D:12)
  A polar bear (Lair:3)
  5 blink frogs
  4 hippogriffs
  Prince Ribbit (D:9)
  A meliai zombie (D:13)
  2 slime creatures (D:13)
  2 vampires
  A wyvern (D:10)
  18 yaks
  A human (D:8)
  2 fire bats (Lair:3)
  2 hogs (Lair:4)
  A death yak simulacrum (IceCv)
  2 hungry ghosts (D:7)
  A water moccasin (D:11)
  4 porcupines
  An orc warrior (D:7)
  13 ice beasts
  2 phantoms
  A black bear (D:8)
  7 ogres
  2 wolves
  7 centaurs
  3 crocodiles
  A big kobold (D:8)
  8 bullfrogs
  A wyvern skeleton (D:6)
  A scorpion (D:11)
  5 killer bees (D:7)
  3 electric eels
  3 jellies
  3 crimson imps
  A bullfrog zombie (D:6)
  3 draconian simulacra (IceCv)
  4 orc priests
  5 bullfrog skeletons
  8 hounds
  Terence (D:2)
  3 iguanas
  6 orc wizards
  A troll simulacrum (IceCv)
  5 worker ants
  A spriggan simulacrum (IceCv)
  3 wolf simulacra (IceCv)
  2 centaur simulacra (IceCv)
  A worker ant zombie (D:7)
  8 gnolls
  6 adders
  3 naga simulacra (IceCv)
  An ogre simulacrum (IceCv)
  4 shadow imps
  9 white imps (IceCv)
  A worm (D:5)
  5 dart slugs
  9 leopard geckos
  33 orcs
  3 giant cockroaches
  4 goblins
  5 hobgoblins
  15 jackals
  13 kobolds
  5 quokkas
  11 bats
  6 frilled lizards
  10 rats
  A fungus (Lair:3)
  2 plants
356 creatures vanquished.

Vanquished Creatures (collateral kills)
  Kirke (Lair:4)
  3 slime creatures
  2 hydras
  2 two-headed ogres
  2 death yaks (Lair:6)
  An orc knight (D:13)
  A cyclops (D:13)
  13 elephants
  A black mamba (Lair:3)
  A centaur zombie (D:13)
  An ice statue (IceCv)
  12 spiny frogs
  4 rime drakes
  A kobold demonologist (D:12)
  3 freezing wraiths (IceCv)
  8 komodo dragons
  A troll (D:12)
  A hornet (D:13)
  A polar bear (Lair:6)
  11 blink frogs
  6 hippogriffs
  5 dream sheep (Lair:6)
  A fire elemental (Lair:3)
  A wyvern (D:8)
  2 basilisks
  19 yaks
  4 hogs (Lair:4)
  2 fire bats (Lair:3)
  3 hungry ghosts
  2 acid dragons
  7 water moccasins
  4 porcupines
  8 ice beasts
  3 black bears
  An orc warrior (D:10)
  5 ogres
  2 eyes of draining
  A phantom (D:10)
  7 wolves
  4 centaurs
  7 crocodiles
  2 gnoll sergeants
  8 bullfrogs
  2 wights (D:9)
  2 crimson imps
  A bullfrog zombie (D:12)
  3 draconian simulacra (IceCv)
  2 hounds
  4 jellies
  2 bullfrog skeletons
  A troll simulacrum (IceCv)
  4 worker ants
  2 centaur simulacra (IceCv)
  A hound zombie (D:9)
  2 mummies (D:9)
  A worker ant zombie (D:9)
  5 gnolls
  An adder (D:8)
  3 naga simulacra (IceCv)
  A shadow imp (D:13)
  3 white imps (IceCv)
  An adder skeleton (D:9)
  2 leopard geckos
  6 orcs
  A kobold (D:8)
  A butterfly (Lair:1)
  12 fungi
  11 plants
248 creatures vanquished.

Vanquished Creatures (others)
  3 orc knights
  An orc wizard (Lair:1)
  An orc warrior (Lair:1)
  4 slaves (D:9)
  A bullfrog zombie (D:9)
  A gnoll (D:9)
  A leopard gecko (D:5)
  17 orcs
  2 kobolds
  11 fungi (Lair:6)
  5 plants
47 creatures vanquished.

Grand Total: 651 creatures vanquished

Notes
Turn   | Place    | Note
-------+----------+-------------------------------------------
     0 | D:1      | sking99 the Hill Orc Fighter began the quest for the Orb.
     0 | D:1      | Reached XP level 1. HP: 19/19 MP: 1/1
    18 | D:1      | Reached XP level 2. HP: 27/27 MP: 2/2
   228 | D:1      | Found a sparkling altar of Nemelex Xobeh.
   293 | D:1      | Reached XP level 3. HP: 30/33 MP: 3/3
   777 | D:2      | Noticed Terence
   807 | D:2      | Killed Terence
   807 | D:2      | Reached skill level 5 in Axes
   807 | D:2      | Reached XP level 4. HP: 14/41 MP: 4/4
  1219 | D:2      | Found a white marble altar of Elyvilon.
  1324 | D:2      | Found a deep blue altar of Sif Muna.
  1393 | D:2      | Reached XP level 5. HP: 47/47 MP: 5/5
  1875 | D:3      | Became a worshipper of Beogh the Brigand
  2452 | D:3      | Reached skill level 5 in Fighting
  2654 | D:3      | Reached skill level 1 in Invocations
  2867 | D:4      | Found a bloodstained altar of Trog.
  3077 | D:4      | Found a staircase to the Ecumenical Temple.
  3164 | D:4      | Reached * piety under Beogh
  3164 | D:4      | Reached XP level 6. HP: 56/56 MP: 7/7
  3166 | D:4      | Found a shimmering altar of Xom.
  3271 | D:4      | Reached skill level 2 in Invocations
  3524 | D:4      | Found a sparkling altar of Nemelex Xobeh.
  3526 | D:4      | Found an opulent altar of Gozag.
  3591 | D:5      | Entered Level 5 of the Dungeon
  3712 | D:5      | Found a runed door.
  3712 | D:5      | Noticed iamserjio's ghost (novice GrFi)
  3801 | D:5      | Found an ornate altar of the Wu Jian Council.
  3863 | D:5      | Reached XP level 7. HP: 61/62 MP: 9/9
  3864 | D:5      | Reached skill level 3 in Invocations
  4351 | D:5      | Killed iamserjio's ghost
  4351 | D:5      | Reached skill level 4 in Invocations
  4676 | D:6      | Reached XP level 8. HP: 58/71 MP: 11/11
  4873 | D:6      | Reached ** piety under Beogh
  4889 | D:6      | Reached skill level 5 in Invocations
  5106 | D:6      | Reached skill level 10 in Axes
  5318 | D:6      | Reached skill level 6 in Invocations
  5976 | D:7      | Reached XP level 9. HP: 74/80 MP: 13/13
  6089 | D:7      | Reached skill level 7 in Invocations
  6518 | D:7      | Found a shattered altar of Ashenzari.
  6661 | D:7      | Reached *** piety under Beogh
  7052 | D:8      | Found a glowing golden altar of the Shining One.
  7062 | D:8      | Reached skill level 8 in Invocations
  7358 | D:8      | Reached XP level 10. HP: 90/90 MP: 16/16
  7388 | D:8      | Found a staircase to the Lair.
  7518 | D:8      | Found an ancient bone altar of Kikubaaqudgha.
  7913 | D:9      | Noticed Pikel
  7921 | D:9      | Killed Pikel
  7921 | D:9      | Reached skill level 5 in Shields
  8068 | D:9      | Found a large runed door.
  8069 | D:9      | Found a large runed door.
  8093 | D:9      | Noticed a centaur warrior
  8105 | D:9      | Killed a centaur warrior
  8105 | D:9      | Reached skill level 9 in Invocations
  8122 | D:9      | Noticed Gastronok
  8145 | D:9      | Killed Gastronok
  8373 | D:9      | Reached skill level 10 in Invocations
  8488 | D:9      | Reached XP level 11. HP: 95/95 MP: 18/18
  8534 | D:9      | Noticed Prince Ribbit
  8540 | D:9      | Killed Prince Ribbit
  9219 | D:9      | Noticed a flayed ghost
  9222 | D:9      | Killed a flayed ghost
  9222 | D:9      | Reached skill level 11 in Invocations
  9228 | D:9      | Found a radiant altar of Vehumet.
  9231 | D:9      | Noticed a yaktaur captain
  9233 | D:9      | Found a stormy altar of Qazlal.
  9240 | D:9      | Killed a yaktaur captain
  9304 | D:10     | Entered Level 10 of the Dungeon
  9434 | D:10     | Gained Spirok as an ally
  9738 | D:10     | Found a blossoming altar of Fedhas.
  9950 | D:10     | Reached **** piety under Beogh
 10506 | D:11     | Noticed a two-headed ogre
 10511 | D:11     | Killed a two-headed ogre
 10514 | D:11     | Found a shadowy altar of Dithmenos.
 10530 | D:11     | Found Vikil's Assorted Antiques.
 10530 | D:11     | Noticed a two-headed ogre
 10538 | D:11     | Reached skill level 12 in Invocations
 10542 | D:11     | Killed a two-headed ogre
 10677 | D:11     | Reached skill level 10 in Shields
 10677 | D:11     | Reached skill level 13 in Invocations
 10679 | D:11     | Reached XP level 12. HP: 80/103 MP: 21/21
 10692 | D:11     | Found a frozen archway.
 10704 | IceCv    | Entered an ice cave
 10887 | IceCv    | Gained Warrok as an ally
 11279 | IceCv    | Found an ancient bone altar of Kikubaaqudgha.
 11298 | IceCv    | Reached ***** piety under Beogh
 11704 | IceCv    | Reached skill level 14 in Invocations
 12290 | D:11     | Gained Gorbash as an ally
 13298 | Lair:1   | Entered Level 1 of the Lair of Beasts
 13349 | Lair:1   | Noticed Erica
 13355 | Lair:1   | Killed Erica
 13450 | Lair:1   | Found a runed door.
 14048 | Lair:1   | Noticed Reyrhar's ghost (journeyman TrMo)
 15000 | Lair:2   | Noticed Urug
 15008 | Lair:2   | Killed Urug
 15008 | Lair:2   | Reached skill level 15 in Invocations
 15235 | Lair:3   | Found a staircase to the Shoals.
 15364 | Lair:3   | Reached XP level 13. HP: 108/108 MP: 24/24
 16114 | Lair:4   | Your ally Gorbash died
 16126 | Lair:4   | Noticed Kirke
 16134 | Lair:4   | Reached skill level 16 in Invocations
 16139 | Lair:4   | Killed Kirke
 16597 | Lair:4   | Noticed Sonja
 16599 | Lair:4   | Killed Sonja
 16934 | Lair:4   | Found a staircase to the Snake Pit.
 17535 | Lair:5   | Found a runed door.
 17572 | Lair:5   | Noticed a dire elephant
 17572 | Lair:5   | Noticed Dukluodd's ghost (journeyman HaGl)
 17730 | Lair:5   | Reached skill level 17 in Invocations
 17730 | Lair:5   | Gained Wargrak as an ally
 18023 | Lair:6   | Entered Level 6 of the Lair of Beasts
 18186 | Lair:6   | Found a burning altar of Makhleb.
 18431 | Lair:6   | Reached ****** piety under Beogh
 18442 | Lair:6   | Reached XP level 14. HP: 103/116 MP: 26/26
 18469 | Lair:6   | Reached skill level 15 in Axes
 18483 | Lair:6   | Gained Bogbrand as an ally
 19242 | Lair:6   | Your ally Wargrak died
 19244 | Lair:6   | HP: 1/116 [death yak (11)]
 19270 | Lair:6   | Reached skill level 18 in Invocations
 19685 | Lair:6   | Got an ancient golden ring
 19687 | Lair:6   | Got a heavily runed ivory ring
 19737 | Lair:6   | Identified the ring of Vehumet's Fury {MP+9 Dex+4} (You found it on level 6 of the Lair of Beasts)
 19741 | Lair:6   | Identified the ring "Ezac" {+Blink rElec Str+3 Int+4 Dex+2 Stlth-} (You found it on level 6 of the Lair of Beasts)
 21383 | D:12     | Found a staircase to the Orcish Mines.
 21555 | D:12     | Paralysed by a hornet for 3 turns
 21667 | D:12     | Reached skill level 15 in Shields
 22167 | D:13     | Gained Olfrun as an ally
 22620 | D:13     | Quit the game

Vault maps used:
D:1:      ncdulo_smallfort, nemelex_diamond_rough_becter
D:2:      elyvilon_altar_4, lemuel_doored_altar, uniq_terence
D:4:      minitemple, minmay_temple_entry_statues_fountains, tgw_xom
D:5:      lemuel_coloured_pillars_altar, first_ration, gammafunk_ghost_grave,
          lemuel_statue_altar
D:6:      kennysheep_cluttered_room
D:7:      marbit_many_paths, kennysheep_nondescript
D:8:      lemuel_crystal_altar, tso_metal_star, lair_entry_dummy,
          grunt_pizzeria, kennysheep_generic_room_15
D:9:      serial_undead, serial_undead_c, serial_undead_b, serial_undead_c,
          serial_undead_f, serial_undead_c, serial_undead_c,
          jmf_multi_god_temple2, uniq_gastronok, uniq_prince_ribbit1, uniq_pikel
D:10:     minmay_goldmine, fedhas_altar_1
D:11:     basic_altar, portal_ice_cave_entry_ice_beasts, serial_shops, shop
D:12:     hiddenorc1_lemuel
D:13:     minmay_blocking_statues, roderic_roman_lattice, minivault_16
Lair:1:   ebering_ghost_reflecting_pool, grunt_megastairs_4,
          minmay_lair_oklob_chamber, lemuel_fruit_fields, uniq_erica
Lair:2:   uniq_urug
Lair:3:   minmay_shoals_entry_centaurs, grunt_forest_small_clearings
Lair:4:   dummy_snake_entry, small_statue_intersection, serial_bayou_shore_a,
          uniq_kirke, uniq_sonja
Lair:5:   dpeg_slime_entry_enclosed_altar, ebering_ghost_inner_flame,
          grunt_megastairs_2
Lair:6:   grunt_lair_end_beastmaster, basic_altar
IceCv:    ice_cave_small_necro

Skill      XL: |  1  2  3  4  5  6  7  8  9 10 11 12 13 14 |
---------------+-------------------------------------------+-----
Axes           | 3 4 5 6 7 9 10 12 14 15 | 15.9
Fighting       | 4 5 6 7 8 |  8.6
Invocations    | 1 2 4 6 8 10 13 15 17 18 | 18.3
Shields        | 4 6 10 12 14 15 | 15.1
Armour         | 4 |  4.7

Action                   |  1- 3 |  4- 6 |  7- 9 | 10-12 | 13-15 || total
-------------------------+-------+-------+-------+-------+-------++-------
Melee: War axe           |   120 |   102 |       |       |       ||   222
       Hand axe          |       |   130 |   295 |   507 |    84 ||  1016
       Broad axe         |       |       |       |       |   275 ||   275
       Scimitar          |       |       |       |       |    11 ||    11
Invok: Convert to Beogh  |       |     1 |       |       |       ||     1
       Smiting           |       |       |     1 |     7 |    25 ||    33
       Recall Orcish Fol |       |       |       |     2 |     9 ||    11
       Give Item to Name |       |       |       |     1 |     1 ||     2
 Abil: Evoke Berserk Rag |       |       |       |       |     1 ||     1
  Use: Scroll            |       |     7 |     5 |     6 |     5 ||    23
       Potion            |       |       |     2 |     2 |     2 ||     6
 Stab: Distracted        |       |       |       |     9 |     3 ||    12
       Petrified         |       |       |       |       |     4 ||     4
  Eat: Chunk             |       |    10 |     9 |    15 |    18 ||    52
       Ration            |       |       |     2 |     3 |     2 ||     7
Armor: Scale mail        |    56 |    72 |       |       |       ||   128
       Chain mail        |       |    16 |    29 |       |       ||    45
       Plate armour      |       |       |    57 |   160 |   100 ||   317
       Crystal plate arm |       |       |       |       |    75 ||    75
Dodge: Dodged            |    33 |    58 |    46 |    83 |    64 ||   284
       Deflected         |       |       |     4 |     3 |       ||     7
Block: Shield            |    60 |   112 |    88 |   211 |    47 ||   518
       Large shield      |       |       |       |       |   321 ||   321

Table legend:
 A = Spawn XP
 B = Non-spawn XP
 C = Spawn XP percentage of total XP
 D = Spawn monster count
 E = Non-spawn monster count
 F = Spawn count percentage of total count
 G = Total turns spent on level
                    A         B        C        D         E        F      G
               +---------+---------+-------+---------+---------+-------+---------
         Total |       0 |   76080 |   0.0 |       0 |     577 |   0.0 | 22620
               +---------+---------+-------+---------+---------+-------+---------
           D:1 |       0 |      62 |   0.0 |       0 |      30 |   0.0 |   741
           D:2 |       0 |     117 |   0.0 |       0 |      24 |   0.0 |  1286
           D:3 |       0 |      97 |   0.0 |       0 |      30 |   0.0 |   783
           D:4 |       0 |     204 |   0.0 |       0 |      11 |   0.0 |   901
           D:5 |       0 |     636 |   0.0 |       0 |      20 |   0.0 |  1019
           D:6 |       0 |    1217 |   0.0 |       0 |      27 |   0.0 |  1262
           D:7 |       0 |    1607 |   0.0 |       0 |      27 |   0.0 |  1001
           D:8 |       0 |    1418 |   0.0 |       0 |      23 |   0.0 |  1370
           D:9 |       0 |    6644 |   0.0 |       0 |      27 |   0.0 |  1628
          D:10 |       0 |    1556 |   0.0 |       0 |      25 |   0.0 |  1226
          D:11 |       0 |    5709 |   0.0 |       0 |      39 |   0.0 |   927
          D:12 |       0 |    4893 |   0.0 |       0 |      31 |   0.0 |  1560
          D:13 |       0 |    7016 |   0.0 |       0 |      31 |   0.0 |   474
        Lair:1 |       0 |    3545 |   0.0 |       0 |      19 |   0.0 |  1271
        Lair:2 |       0 |    1395 |   0.0 |       0 |       7 |   0.0 |   857
        Lair:3 |       0 |    4425 |   0.0 |       0 |      27 |   0.0 |   937
        Lair:4 |       0 |    9556 |   0.0 |       0 |      37 |   0.0 |  1466
        Lair:5 |       0 |    3559 |   0.0 |       0 |      20 |   0.0 |   500
        Lair:6 |       0 |   17039 |   0.0 |       0 |      68 |   0.0 |  1888
         IceCv |       0 |    5385 |   0.0 |       0 |      54 |   0.0 |  1523
               +---------+---------+-------+---------+---------+-------+---------
